 Dungeon Crawl Stone Soup version 0.26-a0-1021-gda264ca44c (webtiles) character file.

Game seed: 2504568139256348402

1358 IdlyInterested the Poker (level 8, -3/90 HPs)
             Began as a Demonspawn Monk on Dec 8, 2020.
             Was a Believer of Qazlal.
             Slain by DrDiscord's ghost (15 damage)
             ... on level 6 of the Dungeon.
             The game lasted 00:30:59 (7088 turns).

IdlyInterested the Poker (Demonspawn Monk)          Turns: 7088, Time: 00:31:00

Health: -3/90      AC: 24    Str: 18    XL:     8   Next: 37%
Magic:  13/13      EV:  2    Int: 13    God:    Qazlal [**....]
Gold:   416        SH: 12    Dex: 16    Spells: 14/14 levels left

rFire    + . .     SeeInvis .   r - -2 trident (curse)
rCold    + . .     Faith    .   i - +0 kite shield
rNeg     + + +     Spirit   .   (armour currently unavailable)
rPois    +         Reflect  .   (helmet currently unavailable)
rElec    +         Harm     .   (cloak currently unavailable)
rCorr    +         Rampage  .   (gloves currently unavailable)
Will     .....     NoTele   +   (boots currently unavailable)
Stlth    ++........             k - amulet of regeneration
HPRegen  0.65/turn              B - ring of positive energy
MPRegen  0.13/turn              g - +6 ring of strength

@: tree-form, resistant
A: no striking features
a: Upheaval, Renounce Religion


You were on level 6 of the Dungeon.
You worshipped Qazlal.
Qazlal was pleased with you.
You were a tree.
You visited 2 branches of the dungeon, and saw 7 of its levels.

You collected 416 gold pieces.

Inventory:

Hand Weapons
 a - a +1 spear
 r - a cursed -2 trident (weapon)
 u - a +0 spear
 D - a +0 trident
 H - a +0 trident
Missiles
 e - 176 stones
 q - 2 boomerangs
 s - 5 poisoned darts (quivered)
 E - 5 javelins
Armour
 b - a +0 buckler
 i - a +0 kite shield (worn)
 n - a +0 pair of boots (melded)
 v - a +2 ring mail of cold resistance
 I - a +0 robe of resistance
 J - a +0 cloak (melded)
 L - the +3 leather armour of the Forgotten Mystics (melded) {Str+3 Dex+9}
   (You found it on level 6 of the Dungeon)

   It affects your strength (+3).
   It affects your dexterity (+9).
Jewellery
 f - an uncursed ring of flight
 g - a +6 ring of strength (right branch)
 h - an uncursed ring of wizardry
 j - an uncursed ring of positive energy
 k - an amulet of regeneration (around neck)
 w - an uncursed ring of resist corrosion
 B - a ring of positive energy (left branch)
Wands
 z - a wand of iceblast (8)
 C - a wand of disintegration (18)
Scrolls
 c - a scroll of fear
 m - 2 scrolls of enchant weapon
 p - 3 scrolls of teleportation
 t - 3 scrolls of identify
 G - a scroll of amnesia
 K - a scroll of magic mapping
Potions
 d - a potion of resistance
 l - 2 potions of flight
 o - a potion of heal wounds
 x - 2 potions of attraction
 A - a potion of lignification
 F - 2 potions of curing
Miscellaneous
 y - a box of beasts (inert)


   Skills:
 + Level 4.0 Fighting
 + Level 4.7 Polearms
 + Level 3.4 Throwing
 + Level 2.5 Armour
 + Level 3.6 Dodging
 + Level 2.5 Stealth
 + Level 2.7 Shields
 * Level 3.6 Spellcasting
 * Level 3.5 Invocations
 + Level 1.5 Evocations


You had 14 spell levels left.
You didn't know any spells.
Your spell library was empty.

Dungeon Overview and Level Annotations

Branches:
Dungeon (6/15)             Temple (1/1) D:4

Altars:
Ashenzari
Cheibriados
Dithmenos
Elyvilon
Fedhas
Gozag
Hepliaklqana
Kikubaaqudgha
Makhleb
Nemelex Xobeh
Okawaru
Qazlal
Ru
Sif Muna
Trog
Uskayaw
Vehumet
Wu Jian
Xom
Yredelemnul
The Shining One

Annotations:
D:6 DrDiscord's ghost, novice HOFi


Innate Abilities, Weirdness & Mutations

((You have a pair of small antennae on your head.))
((You are partially covered in razor-sharp scales. (AC +1, Slay +1)))


Message History

You feel better. DrDiscord's ghost misses you.
Unknown command.
You hit DrDiscord's ghost.
DrDiscord's ghost is lightly damaged.
You block DrDiscord's ghost's attack.
You closely miss DrDiscord's ghost.
DrDiscord's ghost is lightly damaged.
DrDiscord's ghost hits you!
* * * LOW HITPOINT WARNING * * *
You block DrDiscord's ghost's attack.
Really quaff the potion of lignification?
You turn into a tree.
Your +0 cloak melds into your body.
Your +0 pair of boots melds into your body.
The +3 leather armour of the Forgotten Mystics {Str+3 Dex+9} melds into your body.
Your roots penetrate the ground.
DrDiscord's ghost hits you but does no damage.
You hit DrDiscord's ghost but do no damage.
DrDiscord's ghost is lightly damaged.
DrDiscord's ghost hits you!
You die...

#####...##.###....########.##
####.....#.##.....# ###.######
##................# #.........
#........#.####.#.# #.#.#####.
#..##...##.# #.#.# #.#.# #.
#..##..###.####.#.# #.#.### #.
.......# #........# #.#...# #.
#.#.##.# #####.°.#### #.###.# #.
#.#.##.# ##...♣§..####.###.# #.
#.#.#..# ##...○.W.....#..##.###.
#......####....###'''###.........
###.......'....#.......#......)).
.......####....##.....##...#.####
###......###...#.......#.....# #
#......# ##..##.)!$.##.##### #
#......# ##.#..#.#..#.# #
##.....# ###########.#


You could see DrDiscord's ghost.

Vanquished Creatures
  An orc warrior (D:6)
  A sky beast (D:5)
  A centaur (D:5)
  An ice beast (D:6)
  An ogre (D:4)
  Blork the orc (D:5)
  2 bullfrogs (D:6)
  2 scorpions
  4 hounds
  A centaur skeleton (D:6)
  A centaur zombie (D:6)
  A bullfrog skeleton (D:4)
  Terence (D:2)
  Jessica (D:2)
  2 worker ants
  2 howler monkey zombies
  A worker ant zombie (D:6)
  Robin (D:3)
  A gnoll (D:1)
  7 adders
  2 oozes
  An adder skeleton (D:4)
  6 worms
  A dart slug (D:4)
  4 leopard geckos
  10 orcs
  2 ball pythons
  10 bats
  8 giant cockroaches
  9 goblins
  11 hobgoblins
  21 jackals
  5 kobolds
  2 quokkas
  A ball python skeleton (D:4)
  3 frilled lizards
  A jackal skeleton (D:6)
  12 rats
142 creatures vanquished.

Vanquished Creatures (collateral kills)
  An ogre (D:5)
1 creature vanquished.

Grand Total: 143 creatures vanquished

Notes
Turn   | Place    | Note
-------+----------+-------------------------------------------
     0 | D:1      | IdlyInterested the Demonspawn Monk began the quest for the
                  | Orb.
     0 | D:1      | Reached XP level 1. HP: 18/18 MP: 1/1
   464 | D:1      | Gained mutation: You are partially covered in razor-sharp
                  | scales. (AC +1, Slay +1) [demonic ancestry]
   464 | D:1      | Reached XP level 2. HP: 19/24 MP: 2/2
   861 | D:1      | Found a broken altar of Ashenzari.
   935 | D:1      | Reached XP level 3. HP: 29/29 MP: 4/4
  1346 | D:2      | Found a sacrificial altar of Ru.
  1836 | D:2      | Reached skill level 1 in Spellcasting
  2207 | D:2      | Noticed Jessica
  2209 | D:2      | Killed Jessica
  2210 | D:2      | Reached XP level 4. HP: 35/35 MP: 5/5
  2459 | D:2      | Noticed Terence
  2491 | D:2      | Killed Terence
  2492 | D:2      | Reached skill level 1 in Evocations
  3011 | D:3      | Found a sparkling altar of Nemelex Xobeh.
  3017 | D:3      | Noticed Robin
  3031 | D:3      | Killed Robin
  3032 | D:3      | Reached XP level 5. HP: 37/41 MP: 7/7
  3672 | D:3      | Reached skill level 1 in Armour
  3963 | D:4      | Noticed an ogre
  3977 | D:4      | Killed an ogre
  3978 | D:4      | Reached skill level 1 in Throwing
  3978 | D:4      | Reached skill level 1 in Shields
  3978 | D:4      | Gained mutation: You have a pair of small antennae on your
                  | head. [demonic ancestry]
  3978 | D:4      | Reached XP level 6. HP: 36/47 MP: 9/9
  4046 | D:4      | Found a sparkling altar of Nemelex Xobeh.
  4314 | D:4      | Found a staircase to the Ecumenical Temple.
  4328 | Temple   | Entered the Ecumenical Temple
  4387 | Temple   | Became a worshipper of Qazlal Stormbringer
  4387 | Temple   | Reached * piety under Qazlal
  4387 | Temple   | Reached ** piety under Qazlal
  4912 | D:5      | Entered Level 5 of the Dungeon
  4955 | D:5      | Found a blossoming altar of Fedhas.
  5018 | D:5      | Noticed a sky beast
  5050 | D:5      | Reached XP level 7. HP: 22/52 MP: 10/10
  5065 | D:5      | Reached skill level 1 in Invocations
  5309 | D:5      | Found a shimmering altar of Xom.
  5309 | D:5      | Found a shadowy altar of Dithmenos.
  5438 | D:5      | Noticed Blork the orc
  5454 | D:5      | Killed Blork the orc
  5821 | D:5      | Found a burning altar of Makhleb.
  5994 | D:6      | Found an ornate altar of the Wu Jian Council.
  6089 | D:6      | Reached XP level 8. HP: 49/60 MP: 12/12
  6631 | D:6      | Got a twisted leather armour
  6774 | D:6      | Noticed DrDiscord's ghost (novice HOFi)
  6786 | D:6      | Found a runed translucent gate.
  6786 | D:6      | Found a runed translucent gate.
  6787 | D:6      | Found a runed translucent gate.
  7057 | D:6      | Identified the +3 leather armour of the Forgotten Mystics
                  | {Str+3 Dex+9} (You found it on level 6 of the Dungeon)
  7088 | D:6      | Slain by DrDiscord's ghost

Illustrated notes

Levels and vault maps discovered:
D:1:      erik_arrival_cave_to_civilisation [erik_arrival_cave_to_hall],
          layout_basic, serial_curves, eino_curves_04, eino_curves_03,
          eino_curves_01, eino_curves_01, evilmike_ruin_ashenzari
D:2:      layout_loops_ring, nicolae_ru_path_of_blood, minmay_misc_feat_five,
          uniq_terence, uniq_jessica
D:3:      minmay_octagon_keep, layout_basic, nemelex_xobeh_ov_fountains_minmay,
          uniq_robin
D:4:      layout_loops_ring, overflow_temple_1_default, temple_fountains
D:5:      layout_loops_ring, makhleb_heckhound_becter,
          gammafunk_temple_overflow_statue, basic_altar, uniq_blork_the_orc
D:6:      layout_loops_corners, marbit_many_paths, gammafunk_ghost_necromancy,
          roderic_roman_lattice
Temple:   dpeg_chambers_temple

Skill      XL: |  1  2  3  4  5  6  7  8 |
---------------+-------------------------+-----
Polearms       | 3 4 |  4.7
Dodging        | 3 |  3.6
Stealth        | 2 |  2.5
Spellcasting   | 1 2 3 |  3.6
Evocations     | 1 |  1.5
Armour         | 1 2 |  2.5
Throwing       | 1 3 |  3.4
Shields        | 1 2 |  2.7
Invocations    | 2 3 |  3.5
Fighting       | 4 |  4.0

Action                   |  1- 3 |  4- 6 |  7- 9 || total
-------------------------+-------+-------+-------++-------
Melee: Spear             |   109 |   300 |    28 ||   437
       Trident           |       |       |   214 ||   214
Throw: Stone             |    11 |    12 |       ||    23
       Dart              |       |    48 |    17 ||    65
       Boomerang         |       |     6 |     3 ||     9
 Abil: Evoke Flight      |    13 |    19 |       ||    32
Evoke: Box of beasts     |       |     1 |     1 ||     2
  Use: Scroll            |     7 |    10 |     2 ||    19
       Potion            |       |     4 |    10 ||    14
 Stab: Sleeping          |     8 |     4 |       ||    12
Armor: Robe              |     6 |       |       ||     6
       Leather armour    |     3 |    12 |     3 ||    18
       Ring mail         |       |    88 |    68 ||   156
       Skin              |       |       |     1 ||     1
Dodge: Dodged            |    38 |    85 |    90 ||   213
Block: Kite shield       |    12 |    53 |   148 ||   213
       Buckler           |       |    25 |       ||    25

Table legend: (Time is in decaauts)
 A = Elapsed time spent in this place.
 B = Non-inter-level travel time spent in this place.
 C = Inter-level travel time spent in this place.
 D = Time resting spent in this place.
 E = Time spent auto-exploring this place.
 F = Levels seen in this place.
 G = Mean time per level.
                   A        B        C        D        E       F      G
               +--------+--------+--------+--------+--------+-----+--------+
         Total |   7126 |   6925 |    201 |    963 |   4089 |   7 | 1018.0 |
       Dungeon |   6869 |   6668 |    201 |    963 |   3857 |   6 | 1144.8 |
        Temple |    256 |    256 |      0 |      0 |    232 |   1 |  256.0 |
               +--------+--------+--------+--------+--------+-----+--------+

Top non-repeatable levels by time:
     D:2: 1755 daAuts
     D:1: 1233 daAuts
     D:6: 1207 daAuts
     D:5: 1009 daAuts
     D:3: 968 daAuts
     D:4: 695 daAuts
  Temple: 256 daAuts
